 Dungeon Crawl Stone Soup version 0.31-a0-986-g5e6e4ef867 (webtiles) character file.

Game seed: 1633129125659756660

170 gelatine the Shooter (level 5, -6/39 HPs)
             Began as a Demonspawn Hunter on Nov 11, 2023.
             Killed from afar by an orc wizard (8 damage)
             ... with a puff of flame
             ... on level 3 of the Dungeon.
             The game lasted 00:06:17 (1629 turns).

gelatine the Shooter (Demonspawn Hunter)            Turns: 1629, Time: 00:06:19

Health: -6/39      AC: 10    Str: 11    XL:     5   Next: 25%
Magic:  5/5        EV:  9    Int: 16    God:
Gold:   115        SH:  0    Dex: 19    Spells: 4/4 levels left

rFire   . . .        a - +0 shortbow
rCold   . . .        (shield currently unavailable)
rNeg    . . .        i - +3 scale mail of Privacy {Int+6}
rPois   .            (helmet restricted)
rElec   .            (no cloak)
rCorr   .            (no gloves)
SInv    .            r - +0 pair of boots
Will    +....        (no amulet)
Stlth   +            (no ring)
HPRegen 0.26/turn    (no ring)
MPRegen 0.18/turn

%: no passive effects
@: enlightened, flying
A: horns 1, powered by death 1, magic regeneration
a: no special abilities


You were on level 3 of the Dungeon.
You visited 1 branch of the dungeon, and saw 3 of its levels.

You collected 115 gold pieces.

Inventory:

Hand Weapons
 a - a +0 shortbow (weapon)
Armour
 c - a +0 leather armour
 i - the +3 scale mail of Privacy (worn) {Int+6}
   (You found it on level 2 of the Dungeon)

   Int+6:     It affects your intelligence (+6).
 m - a +0 helmet
 r - a +0 pair of boots (worn)
Jewellery
 n - an amulet of the acrobat
Scrolls
 b - a scroll of butterflies
 e - 2 scrolls of teleportation {unknown}
 f - a scroll of poison {unknown}
 k - a scroll of vulnerability {unknown}
 l - a scroll of identify {unknown}
 o - a scroll of revelation {unknown}
 q - a scroll of summoning {unknown}
Potions
 d - a potion of might {unknown}
 g - a potion of enlightenment
 h - a potion of haste {unknown}
 j - a potion of mutation {unknown}
 p - a potion of curing {unknown}


   Skills:
 + Level 2.7 Fighting
 + Level 5.2 Ranged Weapons
 * Level 1.5 Armour
 + Level 2.1 Dodging
 + Level 0.8 Stealth


You had 4 spell levels left.
You didn't know any spells.
Your spell library contained the following spells:

 Spells                   Type           Power      Damage    Failure   Level
 Sting                    Tmut/Pois      0%         1d3       83%         1
 Poisonous Vapours        Pois/Air       0%         N/A       92%         2
 Mephitic Cloud           Conj/Pois/Air  0%         N/A       99%         3
 Olgreb's Toxic Radiance  Pois           0%         N/A       100%        4
 Freezing Cloud           Conj/Ice/Air   0%         6-21      100%        5


Dungeon Overview and Level Annotations

Branches:
Dungeon (3/15)

Altars:

Shops:
D:1 =


Innate Abilities, Weirdness & Mutations

You have a pair of small horns on your head.
You regenerate a little health from kills.
You regenerate magic rapidly.


Message History

You shoot an arrow. The arrow barely misses the orc priest.
The orc priest barely misses you.
You shoot an arrow. The arrow hits the orc!
You kill the orc!
You shoot an arrow. The arrow barely misses the orc priest.
Something hits you but does no damage.
You hear some strange, mumbled words.
A puff of flame appears from out of thin air!
The puff of flame hits you.
You shoot an arrow. Something hits you but does no damage.
You shoot an arrow. The arrow hits the orc priest.
The orc priest is moderately wounded.
Something hits you but does no damage. Something hits you.
* * * LOW HITPOINT WARNING * * *
You are too injured to fight recklessly!
You are too injured to fight recklessly!
You shoot an arrow. The arrow hits the orc priest.
The orc priest is severely wounded.
Something hits you.
* * * LOW HITPOINT WARNING * * *
You shoot an arrow. Something completely misses you.
You shoot an arrow. Something hits you.
* * * LOW HITPOINT WARNING * * *
Something hits you.
* * * LOW HITPOINT WARNING * * *
You shoot an arrow. Something hits you but does no damage.
You shoot an arrow. The arrow barely misses the orc priest.
You hear some strange, mumbled words.
A magic dart appears from out of thin air!
The magic dart hits you.
* * * LOW HITPOINT WARNING * * *
The orc priest looks braver for a moment.
Something hits you but does no damage.
It was a potion of enlightenment.
You feel very buoyant.
You fly up into the air.
You hear some strange, mumbled words.
A puff of flame appears from out of thin air!
The puff of flame hits you!
You die...

#.###########
#................
#..##.####..#####
...##.####..# #
#.......##..# # #.
#..##.#.##..# # ##.##
#..##.#.##..# #
#....####..##.#.##..# #
#.#..o{@...........# #
#.....##...#.#.##..## #
#.#...##...#<......... #
#............)...#..###.#
#...#...#..............#.#
.....#...#............#.#.#
###. #...#..#.#.#..#..#.#.#
.......#..###.#..#..#.#.#
.. #.## #.#..#..#.#.#


You could see an orc priest.

Vanquished Creatures
  2 orc wizards (D:3)
  4 gnolls (D:2)
  2 adders (D:2)
  2 worms
  A dart slug (D:1)
  5 orcs (D:3)
  8 bats
  An endoplasm (D:2)
  A giant cockroach (D:2)
  2 goblins (D:2)
  6 hobgoblins
  3 jackals (D:1)
  5 quokkas
  6 ball pythons
  A frilled lizard (D:1)
  A kobold (D:3)
  6 rats
56 creatures vanquished.

Notes
Turn   | Place    | Note
-------+----------+-------------------------------------------
     0 | D:1      | gelatine the Demonspawn Hunter began the quest for the Orb.
     0 | D:1      | Reached XP level 1. HP: 16/16 MP: 1/1
   139 | D:1      | Reached skill level 4 in Ranged Weapons
   139 | D:1      | Gained mutation: You regenerate magic rapidly. [demonic
                  | ancestry]
   139 | D:1      | Reached XP level 2. HP: 18/22 MP: 2/2
   224 | D:1      | Found Bauckaux's Jewellery Shop.
   613 | D:2      | Identified the +3 scale mail of Privacy {Int+6}
   775 | D:2      | Gained mutation: You regenerate a little health from kills.
                  | [demonic ancestry]
   775 | D:2      | Reached XP level 3. HP: 8/27 MP: 3/3
   781 | D:2      | Reached skill level 1 in Armour
   845 | D:2      | Reached XP level 4. HP: 21/34 MP: 4/4
  1426 | D:3      | Reached skill level 5 in Ranged Weapons
  1430 | D:3      | Discovered your monstrous ancestry.
  1430 | D:3      | Gained mutation: You have a pair of small horns on your
                  | head. [demonic ancestry]
  1430 | D:3      | Reached XP level 5. HP: 27/39 MP: 5/5
  1628 | D:3      | HP: 1/39 [something/magic dart (5)]
  1629 | D:3      | Killed from afar by an orc wizard

Illustrated notes

Levels and vault maps discovered:
D:1:      dpeg_arrival_shelter, layout_loops_ring, serial_shops, shop,
          chequers_serial_rivers_large_b
D:2:      layout_rooms, minmay_quadrilaterals
D:3:      minmay_chambers_of_threes, layout_basic,
          gammafunk_temple_overflow_pools,
          hellmonk_ecumenical_altar_pennies_from_heaven, grunt_ministairs_9,
          pf_guarded_unrand_meek

Skill      XL: |  1  2  3  4 |
---------------+-------------+-----
Ranged Weapons | 4 5 |  5.2
Dodging        | 2 |  2.1
Armour         | 1 |  1.5
Fighting       | |  2.7
Stealth        | |  0.8

Action                     |  1- 3 |  4- 6 || total
---------------------------+-------+-------++-------
   Fire: Shortbow          |   102 |   106 ||   208
    Use: Potion            |       |     1 ||     1
 Armour: Leather armour    |    11 |       ||    11
         Scale mail        |    41 |    61 ||   102
  Dodge: Dodged            |    61 |    23 ||    84

Table legend: (Time is in decaauts)
 A = Elapsed time spent in this place.
 B = Non-inter-level travel time spent in this place.
 C = Inter-level travel time spent in this place.
 D = Time resting spent in this place.
 E = Time spent auto-exploring this place.
 F = Levels seen in this place.
 G = Mean time per level.
                   A        B        C        D        E       F      G
               +--------+--------+--------+--------+--------+-----+--------+
         Total |   1763 |   1660 |    103 |      0 |   1191 |   3 |  587.7 |
       Dungeon |   1763 |   1660 |    103 |      0 |   1191 |   3 |  587.7 |
               +--------+--------+--------+--------+--------+-----+--------+

Top non-repeatable levels by time:
     D:2: 792 daAuts
     D:1: 658 daAuts
     D:3: 312 daAuts
